 Dungeon Crawl Stone Soup version 0.19-a0-1111-gcceb26a (webtiles) character file.

0 Gorice the Vexing (level 1, -1/13 HPs)
             Began as a Demonspawn Enchanter on Aug 11, 2016.
             Slain by a hobgoblin
             ... wielding a +0 club
              (2 damage)
             ... on level 1 of the Dungeon.
             The game lasted 00:00:42 (30 turns).

Gorice the Vexing (Demonspawn Enchanter)              Turns: 30, Time: 00:00:43

Health: -1/13      AC:  3    Str:  8    XL:     1   Next: 0%
Magic:  2/3        EV: 12    Int: 16    God:
Gold:   0          SH:  0    Dex: 13    Spells: 1 memorised, 3 levels left

rFire  . . .     SeeInvis .     a - +1 dagger
rCold  . . .     Gourm    .     b - +1 robe
rNeg   . . .     Faith    .     (no shield)
rPois  .         Spirit   .     (no helmet)
rElec  .         Dismiss  .     (no cloak)
rCorr  .         Reflect  .     (no gloves)
SustAt .         Harm     .     (no boots)
MR     .....                    (no amulet)
Stlth  ++........               (no ring)
                                (no ring)

@:
A: no striking features
a: no special abilities


You were on level 1 of the Dungeon.
You were not hungry.

You visited 1 branch of the dungeon, and saw 1 of its levels.

Inventory:

Hand Weapons
 a - a +1 dagger (weapon)
Armour
 b - a +1 robe (worn)
Books
 c - a book of Maledictions
Comestibles
 d - a bread ration {!e}


   Skills:
 * Level 0.8 Short Blades
 - Level 1.7 Dodging
 - Level 2.6 Stealth
 - Level 2.0 Spellcasting
 - Level 3.0 Hexes


You had 3 spell levels left.
You knew the following spells:

 Your Spells              Type           Power        Failure   Level  Hunger
a - Corona                Hex            ##.....      8%          1    #......


Dungeon Overview and Level Annotations

Branches:
Dungeon (1/15)

Altars:


Message History

The tentacle slaps the draconian but does no damage.
The kraken bites the draconian!!!
The draconian dies!
The tentacle barely misses the ghoul.
The tentacle slaps the human!
The tentacle slaps the kobold!
The kobold dies!
The tentacle slaps the elf!
The tentacle closely misses the human. x2
The tentacle barely misses the vampire.
The tentacle closely misses the elf.
Unknown command.
The tentacle closely misses the vampire.
The tentacle slaps the vampire.
The kraken bites the elf!!!
The elf dies!
A hobgoblin comes into view. It is wielding a club.
The tentacle slaps the vampire!
The tentacle slaps the human!!
The human dies!
The tentacle barely misses the vampire.
The tentacle slaps the ghoul!!
The tentacle slaps the vampire!
The vampire is destroyed!
The kraken bites the ghoul!!
The tentacle barely misses the ghoul.
The tentacle closely misses the ghoul.
The kraken bites the ghoul!!!
The tentacle slaps the ghoul!!
Unknown command.
The kraken bites the ghoul!!
The ghoul is destroyed!
Unknown command.
The hobgoblin shouts!
You hit the hobgoblin.
The hobgoblin is heavily wounded.
The hobgoblin hits you with a club.
Damage: 4 (max 4)
Casting: Corona
Confirm with . or Enter, or press ? or * to list all spells.
Aiming: Corona
Press: ? - help, Shift-Dir - straight line, f - hobgoblin
Aim: a hobgoblin, wielding a club (heavily wounded, chance to defeat MR: 82%)
The hobgoblin is outlined in light.
The hobgoblin hits you with a club.
* * * LOW HITPOINT WARNING * * *
Damage: 5 (max 5)
You barely miss the hobgoblin.
The hobgoblin is heavily wounded.
The hobgoblin hits you with a club.
* * * LOW HITPOINT WARNING * * *
Damage: 3 (max 5)
You hit the hobgoblin.
The hobgoblin is almost dead.
The hobgoblin barely misses you.
You hit the hobgoblin but do no damage.
The hobgoblin is severely wounded.
The hobgoblin hits you with a club.
You die...

#....'''.....###...
...#########........
...#.†.†††.#...##...
...#.≈≈≈≈≈.#...# #
...#†≈≈≈≈≈!#...#
...#.≈≈≈X≈.#...#
...#.......#...#
...#########...#
.......@g......#
......###.##...#
.###. ........# #.
......#.#.# #
#........#.#
#........#.#
#........#.#
####.....#


You could see a hobgoblin and a neutral kraken.

Vanquished Creatures (others)
  A ghoul (D:1)
  A draconian (D:1)
  2 gargoyles (D:1)
  An elf (D:1)
  A formicid (D:1)
  A human (D:1)
  3 vampires (D:1)
  A naga (D:1)
  A centaur (D:1)
  2 orcs (D:1)
  A kobold (D:1)
  4 tentacles (D:1)
19 creatures vanquished.

Notes
Turn   | Place    | Note
-------+----------+-------------------------------------------
     0 | D:1      | Gorice the Demonspawn Enchanter began the quest for the Orb.
     0 | D:1      | Reached XP level 1. HP: 13/13 MP: 3/3
     4 | D:1      | Noticed a gargoyle
     4 | D:1      | Noticed a naga
     4 | D:1      | Noticed a ghoul
     4 | D:1      | Noticed a formicid
     4 | D:1      | Noticed a draconian
     4 | D:1      | Noticed an elf
     4 | D:1      | Noticed a vampire
     4 | D:1      | Noticed a kraken
     4 | D:1      | Noticed a centaur
     4 | D:1      | Noticed a vampire
     4 | D:1      | Noticed a gargoyle
     4 | D:1      | Noticed a vampire
     4 | D:1      | Noticed a human
     5 | D:1      | Killed a naga
     5 | D:1      | Killed a centaur
     7 | D:1      | Killed a formicid
     8 | D:1      | Killed a gargoyle
     8 | D:1      | Killed a vampire
    10 | D:1      | Killed a vampire
    10 | D:1      | Killed a gargoyle
    12 | D:1      | Killed a draconian
    14 | D:1      | Killed an elf
    15 | D:1      | Killed a human
    15 | D:1      | Killed a vampire
    17 | D:1      | Killed a ghoul
    25 | D:1      | HP: 1/13 [hobgoblin/club (3)]
    30 | D:1      | Slain by a hobgoblin

Vault maps used:
D:1:      nicolae_arrival_kraken_aquarium_b

Action                   || total
-------------------------++-------
Melee: Dagger            ||     4
 Cast: Corona            ||     1
Dodge: Dodged            ||     1

Table legend:
 A = Turns spent in this place as a percentage of turns spent in the entire game.
 B = Non-inter-level travel turns spent in this place as a percentage of non-inter-level travel turns spent in the entire game.
 C = Inter-level travel turns spent in this place as a percentage of turns spent in this place.
 D = Turns resting spent in this place as a percentage of non-inter-level travel turns spent in this place.
 E = Turns spent auto-exploring this place as a percentage of non-inter-level travel turns spent in this place.
 F = Non-inter-level travel turns spent in this place divided by the number of levels of this place that you've seen.
                   A       B       C       D       E      F
               +-------+-------+-------+-------+-------+----------------------
         Total | 100.0 | 100.0 |   0.0 |   0.0 |   0.0 |  35.0
       Dungeon | 100.0 | 100.0 |   0.0 |   0.0 |   0.0 |  35.0
               +-------+-------+-------+-------+-------+----------------------

Vault maps used:
D:1:      nicolae_arrival_kraken_aquarium_b
